 Dungeon Crawl Stone Soup version 0.29-a0-322-g68df515428 (webtiles) character file.

Game seed: 7511693033792031244

52 kae the Firebug (level 3, -2/19 HPs)
             Began as a Tengu Fire Elementalist on Apr 7, 2022.
             Slain by a gnoll
             ... wielding a +0 flail
              (8 damage)
             ... on level 2 of the Dungeon.
             The game lasted 00:01:13 (2482 turns).

kae the Firebug (Tengu Fire Elementalist)           Turns: 2482, Time: 00:01:14

Health: -2/19      AC:  2    Str:  8    XL:     3   Next: 85%
Magic:  5/7        EV: 12    Int: 17    God:
Gold:   158        SH:  0    Dex: 14    Spells: 5/6 levels left

rFire   . . .      SeeInvis .   (no weapon)
rCold   . . .      Faith    .   (no shield)
rNeg    . . .      Spirit   .   a - +0 robe
rPois   .          Reflect  .   (helmet restricted)
rElec   .          Harm     .   (no cloak)
rCorr   .          Rampage  .   (no gloves)
Will    .....                   (boots unavailable)
Stlth   ++........              (no amulet)
HPRegen 0.06/turn               g - +4 ring of slaying
MPRegen 0.10/turn               (no ring)

@: very slightly contaminated
A: beak, talons 3
a: no special abilities


You were on level 2 of the Dungeon.
You visited 1 branch of the dungeon, and saw 2 of its levels.

You collected 158 gold pieces.

Inventory:

Armour
 a - a +0 robe (worn)
Jewellery
 g - a +4 ring of slaying (left hand)
Scrolls
 c - a scroll of teleportation {unknown}
Potions
 b - a potion of magic
 d - a potion of haste
 e - a potion of curing {unknown}
 f - a potion of heal wounds {unknown}


   Skills:
 + Level 2.7 Dodging
 + Level 2.6 Stealth
 + Level 2.4 Spellcasting
 + Level 2.4 Conjurations
 + Level 3.7 Fire Magic


You had 5 spell levels left.
You knew the following spells:

 Your Spells              Type           Power      Damage    Failure   Level
a - Foxfire               Conj/Fire      48%        2x1d6     5%          1

Your spell library contained the following spells:

 Spells                   Type           Power      Damage    Failure   Level
 Scorch                   Fire           28%        2d6       6%          2
 Conjure Flame            Conj/Fire      12%        6-21      16%         3
 Inner Flame              Hex/Fire       8%         N/A       26%         3
 Flame Wave               Conj/Fire      12%        2d6       47%         4


Dungeon Overview and Level Annotations

Branches:
Dungeon (2/15)

Altars:


Innate Abilities, Weirdness & Mutations

You have a beak for a mouth.
You have claws for feet.


Message History

A giant cockroach is nearby!
You hit the giant cockroach.
You kill the giant cockroach!
No target in view!
You see here a giant cockroach corpse.
You now have 143 gold pieces (gained 14).
You now have 151 gold pieces (gained 8).
You now have 158 gold pieces (gained 7).
A hobgoblin comes into view.
Casting: Foxfire (safe; 5% risk of failure)
Confirm with . or Enter, or press ? or * to list all spells.
You conjure some foxfire!
The foxfire hits the hobgoblin.
You kill the hobgoblin!
Your foxfire dissipates!
You see here a scroll of noise.
Found a stone staircase leading down.
No target in view!
No target in view!
A gnoll comes into view. It is wielding a +0 whip.
The gnoll moves out of view.
A gnoll comes into view. It is wielding a +0 flail.
Casting: Foxfire (safe; 5% risk of failure)
Confirm with . or Enter, or press ? or * to list all spells.
You conjure some foxfire!
The gnoll shouts!
You hear a shout!
The foxfire hits the gnoll.
The gnoll is moderately wounded.
The foxfire hits the gnoll.
The gnoll is moderately wounded.
There are monsters nearby!
The gnoll hits you with a +0 flail!
Ouch! That really hurt!
There are monsters nearby!
Casting: Foxfire (safe; 5% risk of failure)
Confirm with . or Enter, or press ? or * to list all spells.
You miscast Foxfire.
You are very lightly contaminated with residual magic.
Nothing appears to happen.
The gnoll hits you with a +0 flail!
You die...

#.#####.##.###.##........
........#...##.##.##.#..#
.########......##.##.#..#
.# #...#####..... .# .#
#...# #.##.##.# .# #...#
#.##.## .# #...#####.....
.########...#....gg#
.#..............@..#
...................#
............>......# .
..#######...#.##.#.# .
..# ####...#......###. #
#.# .........###.###.. ..
#.##.##......#.......# .#
)..#.##......#
#.##..##..# .#
#.##.#.......#
#.........#.<.


You could see 2 gnolls.

Vanquished Creatures
  2 adders (D:2)
  2 dart slugs
  3 bats (D:1)
  3 endoplasms
  3 giant cockroaches
  4 hobgoblins
  2 kobolds
  3 ball pythons
  4 frilled lizards (D:1)
  2 goblins
  A rat (D:1)
29 creatures vanquished.

Vanquished Creatures (others)
  61 foxfires
61 creatures vanquished.

Grand Total: 90 creatures vanquished

Notes
Turn   | Place    | Note
-------+----------+-------------------------------------------
     0 | D:1      | kae the Tengu Fire Elementalist began the quest for the
                  | Orb.
     0 | D:1      | Reached XP level 1. HP: 10/10 MP: 4/4
   452 | D:1      | Reached XP level 2. HP: 15/15 MP: 4/6
  1909 | D:2      | Reached XP level 3. HP: 19/19 MP: 5/7
  2482 | D:2      | Slain by a gnoll

Illustrated notes

Levels and vault maps discovered:
D:1:      lemuel_arrival_hallway, layout_loops_corners
D:2:      layout_loops_cross, chequers_serial_rivers_small_3

Skill      XL: |  1  2 |
---------------+-------+-----
Conjurations   | 2 |  2.4
Dodging        | |  2.7
Stealth        | |  2.6
Spellcasting   | |  2.4
Fire Magic     | |  3.7

Action                   || total
-------------------------++-------
Melee: Unarmed           ||    54
       Kick              ||    12
       Peck              ||    10
       Punch             ||     2
 Cast: Foxfire           ||    49
  Use: Scroll            ||     3
 Stab: Sleeping          ||     1
Armor: Robe              ||    18
Dodge: Dodged            ||    50

Table legend: (Time is in decaauts)
 A = Elapsed time spent in this place.
 B = Non-inter-level travel time spent in this place.
 C = Inter-level travel time spent in this place.
 D = Time resting spent in this place.
 E = Time spent auto-exploring this place.
 F = Levels seen in this place.
 G = Mean time per level.
                   A        B        C        D        E       F      G
               +--------+--------+--------+--------+--------+-----+--------+
         Total |   2481 |   2436 |     45 |      0 |   2187 |   2 | 1240.5 |
       Dungeon |   2481 |   2436 |     45 |      0 |   2187 |   2 | 1240.5 |
               +--------+--------+--------+--------+--------+-----+--------+

Top non-repeatable levels by time:
     D:1: 1891 daAuts
     D:2: 589 daAuts
